 Dungeon Crawl Stone Soup version 0.31-a0-435-g2c6fae2916 (webtiles) character file.

Game seed: 8228434630839764009

185 Dittersdorf the Covered (level 5, -10/34 HPs)
             Began as a Gargoyle Fighter on Aug 1, 2023.
             Mangled by an ogre
             ... wielding a +0 giant club
              (13 damage)
             ... on level 3 of the Dungeon.
             The game lasted 00:02:32 (2049 turns).

Dittersdorf the Covered (Gargoyle Fighter)          Turns: 2049, Time: 00:02:32

Health: -10/34     AC: 15    Str: 22    XL:     5   Next: 64%
Magic:  5/5        EV:  8    Int:  8    God:
Gold:   127        SH:  4    Dex:  9    Spells: 4/4 levels left

rFire   . . .        a - +0 flail
rCold   + . .        c - +0 buckler
rNeg    + . .        m - +1 chain mail {rC+}
rPois   ∞            f - +0 helmet
rElec   +            r - scarf {+Inv}
rCorr   .            (no gloves)
SInv    .            (no boots)
Will    .....        (no amulet) Stlth
                     (no ring)
HPRegen 0.25/turn    (no ring)
MPRegen 0.09/turn

%: no passive effects
@: no status effects
A: sickness immunity, AC +4, negative energy resistance 1, electricity
resistance, torment resistance 1, petrification resistance
a: Evoke Invisibility


You were on level 3 of the Dungeon.
You visited 1 branch of the dungeon, and saw 3 of its levels.

You collected 127 gold pieces.

Inventory:

Hand Weapons
 a - a +0 flail (weapon)
Armour
 c - a +0 buckler (worn)
 f - a +0 helmet (worn)
 m - a +1 chain mail of cold resistance (worn)
 r - a scarf of invisibility (worn)
Scrolls
 e - a scroll of amnesia {unknown}
 h - a scroll of teleportation {unknown}
 j - 3 scrolls of identify {unknown}
 n - 2 scrolls of butterflies {unknown}
 q - a scroll of noise {unknown}
 t - a scroll of fog {unknown}
Potions
 d - a potion of might
 g - 2 potions of enlightenment {unknown}
 i - 2 potions of invisibility {unknown}
 k - a potion of attraction {unknown}
 l - a potion of heal wounds {unknown}
 o - a potion of lignification {unknown}
 p - a potion of degeneration {unknown}
 s - a potion of brilliance {unknown}


   Skills:
 + Level 4.3 Fighting
 + Level 3.3 Maces & Flails
 + Level 4.4 Armour
 + Level 4.4 Shields


You had 4 spell levels left.
You didn't know any spells.
Your spell library was empty.

Dungeon Overview and Level Annotations

Branches:
Dungeon (3/15)

Altars:
Ru
Wu Jian


Innate Abilities, Weirdness & Mutations

You are immune to sickness and miasma.
Your stone body is resilient. (AC +4)
You are immune to poison.
You resist negative energy. (rN+)
You are resistant to electric shocks. (rElec)
You are resistant to unholy torment.
You are immune to petrification.


Message History

You are too injured to fight recklessly!
You are too injured to fight recklessly!
You are too injured to fight recklessly!
You are too injured to fight recklessly!
You are too injured to fight recklessly!
You are too injured to fight recklessly!
You are too injured to fight recklessly!
You are too injured to fight recklessly!
You are too injured to fight recklessly!
The adder bites you but does no damage.
You closely miss the adder.
The adder is almost dead.
The adder barely misses you.
You barely miss the adder.
The adder is almost dead.
The adder bites you but does no damage. x2
You miss the adder.
The adder is almost dead.
You block the adder's attack.
You sock the adder!
You kill the adder!
Unknown command.
Throw: 3 darts (poison)
Press: ? - help, Q - select action, (/) - cycle Shift-Dir - straight line, f - ogre
Aim: an ogre, wielding a +0 giant club (70% to hit)
You throw a poisoned dart. The poisoned dart hits the ogre.
The ogre barely misses you.
Throw: 2 darts (poison)
Press: ? - help, Q - select action, (/) - cycle Shift-Dir - straight line, f/p - ogre
Aim: an ogre, wielding a +0 giant club (70% to hit)
You throw a poisoned dart. The poisoned dart hits the ogre.
Throw: dart (poison)
Press: ? - help, Q - select action, (/) - cycle Shift-Dir - straight line, f/p - ogre
Aim: an ogre, wielding a +0 giant club (70% to hit)
You throw a poisoned dart. The poisoned dart hits the ogre.
The ogre hits you with a +0 giant club!
* * * LOW HITPOINT WARNING * * *
Unknown command.
The ogre attacks as you move away! The ogre hits you with a +0 giant club!
You die...

..#.##### #.#
.###....####.########
..#.................#
.....†.........####.#
..#########..#.# .#
#.# #..#.# .# #.#
#######..#.# .# #.#
#.....#..#.####.# #.#
#.###.......@O(.#
#.###.#####..#.####.#
#<.......>...#....#.#
####..######.####.#.#
#.## #.# #.#^# #.#
#.####.#.# #.#
#....#.#.# #.#
####.#.#.# #.#
#.#.#.#


You could see an ogre.

Vanquished Creatures
  Natasha (thrice) (D:2)
  5 adders
  A worm (D:3)
  2 dart slugs
  5 endoplasms
  3 giant cockroaches
  4 goblins
  4 hobgoblins
  4 kobolds
  4 quokkas
  6 ball pythons
  6 bats
  4 frilled lizards
  10 rats
61 creatures vanquished.

Notes
Turn   | Place    | Note
-------+----------+-------------------------------------------
     0 | D:1      | Dittersdorf the Gargoyle Fighter began the quest for the
                  | Orb.
     0 | D:1      | Reached XP level 1. HP: 14/14 MP: 1/1
    65 | D:1      | Reached XP level 2. HP: 19/19 MP: 2/2
   456 | D:1      | Reached XP level 3. HP: 23/23 MP: 3/3
   814 | D:2      | Found an ornate altar of the Wu Jian Council.
   911 | D:2      | Found a faded altar of an unknown god.
  1023 | D:2      | Noticed Natasha
  1031 | D:2      | Killed Natasha
  1032 | D:2      | Reached XP level 4. HP: 28/29 MP: 4/4
  1033 | D:2      | Noticed Natasha
  1039 | D:2      | Killed Natasha
  1056 | D:2      | Reached XP level 5. HP: 29/33 MP: 5/5
  1297 | D:2      | Found an ornate altar of the Wu Jian Council.
  1345 | D:2      | Found a faded altar of an unknown god.
  1365 | D:2      | Noticed Natasha
  1370 | D:2      | Killed Natasha
  1592 | D:3      | Found a sacrificial altar of Ru.
  2034 | D:3      | Noticed an ogre
  2049 | D:3      | Mangled by an ogre

Illustrated notes

Levels and vault maps discovered:
D:1:      scummos_arrival_simple_fountains, layout_basic
D:2:      layout_rooms, basic_altar, hellmonk_ecumenical_altar_inner_sanctum,
          solitary_fountain, uniq_natasha
D:3:      layout_loops_ring, nicolae_ru_path_of_blood, lightli_corner_chamber

Skill      XL: |  1  2  3  4 |
---------------+-------------+-----
Shields        | 4 |  4.4
Armour         | 4 |  4.4
Fighting       | 4 |  4.3
Maces & Flails | 3 |  3.3

Action                     |  1- 3 |  4- 6 || total
---------------------------+-------+-------++-------
  Melee: Flail             |   143 |    90 ||   233
  Throw: Dart              |       |     3 ||     3
 Armour: Scale mail        |    67 |       ||    67
         Chain mail        |    39 |    57 ||    96
  Dodge: Dodged            |    87 |    28 ||   115
  Block: Buckler           |    27 |    23 ||    50

Table legend: (Time is in decaauts)
 A = Elapsed time spent in this place.
 B = Non-inter-level travel time spent in this place.
 C = Inter-level travel time spent in this place.
 D = Time resting spent in this place.
 E = Time spent auto-exploring this place.
 F = Levels seen in this place.
 G = Mean time per level.
                   A        B        C        D        E       F      G
               +--------+--------+--------+--------+--------+-----+--------+
         Total |   2137 |   2089 |     48 |     23 |   1495 |   3 |  712.3 |
       Dungeon |   2137 |   2089 |     48 |     23 |   1495 |   3 |  712.3 |
               +--------+--------+--------+--------+--------+-----+--------+

Top non-repeatable levels by time:
     D:2: 852 daAuts
     D:1: 677 daAuts
     D:3: 607 daAuts
